AoeStats
← Khirs

Black Forest

507765993Analyzed
4v4 RM · 12d ago on Sep 19, 2026· 90m 40s· 8 players
Game mode
Random Map
Map size
Large (8 player)
Population
200
Speed
Normal
Resources
Standard
Victory
Conquest
Starting age
Dark Age
Ending age
Imperial Age
RankedLock teamsTeams togetherTeam positionsShared explorationLock speedFull tech treeHidden civsTurbo modeCheats
Victory
Defeat
🇪🇸 Teutons · Spain
796
+16
🇺🇸 Bulgarians · United States
778
+17
🇹🇼 Portuguese · Taiwan
766
+18
🇹🇷 Cumans · Türkiye
742
+19
🇵🇪 Hindustanis · Peru
841
-19
🇨🇳 Burgundians · China
830
-19
🇦🇷 Celts · Argentina
823
-18
🇵🇪 Franks · Peru
720
-14
Laxbrody4
10:26 Loom
13:32 Feudal Age
15:14 Double-Bit Axe
18:50 Scale Mail Armor
19:58 Forging
25:39 Castle Age
26:56 Iron Casting
26:37 Chain Mail Armor
29:15 Horse Collar
33:15 Wheelbarrow
32:55 Squires
32:42 Gambesons
33:33 Stone Mining
34:07 Pikeman
35:20 Heavy Plow
40:03 Gold Mining
40:57 Stone Shaft Mining
45:01 Imperial Age
45:51 Bow Saw
46:15 Plate Mail Armor
46:46 Blast Furnace
45:09 Halberdier
Khirs
0:34 Loom
14:51 Feudal Age
16:20 Horse Collar
16:30 Double-Bit Axe
19:57 Man-at-Arms
20:43 Stone Mining
26:53 Castle Age
25:00 Gold Mining
26:21 Fletching
26:59 Crossbowman
27:40 Bodkin Arrow
28:07 Heavy Plow
28:38 Bow Saw
35:33 Imperial Age
33:32 Scale Mail Armor
33:19 Elite Skirmisher
34:56 Fortified Wall
37:20 Chemistry
38:42 Ballistics
39:21 Forging
40:31 Conscription
44:32 Crop Rotation
45:57 Iron Casting
46:52 Elite Teutonic Knight
48:39 Blast Furnace
49:53 Chain Mail Armor
49:15 Pikeman
49:42 Halberdier
51:17 Plate Mail Armor
52:07 Wheelbarrow
64:48 Capped Ram
72:32 Onager
73:05 Cavalier
75:16 Ironclad
EPD_LieGiO
12:17 Feudal Age
12:52 Arson
13:04 Double-Bit Axe
13:48 Horse Collar
14:20 Man-at-Arms
19:52 Forging
19:43 Scale Mail Armor
22:33 Castle Age
21:21 Gold Mining
22:53 Scale Mail Armor
23:29 Heavy Plow
23:57 Bow Saw
24:11 Stone Mining
25:37 Long Swordsman
26:11 Gambesons
25:51 Crossbowman
36:20 Imperial Age
34:22 Caravan
36:07 Wheelbarrow
38:13 Elite Organ Gun
40:50 Arquebus
42:16 Fletching
42:54 Ballistics
43:29 Hand Cart
43:01 Town Watch
43:06 Loom
43:51 Two-Handed Swordsman
48:32 Iron Casting
48:06 Bodkin Arrow
48:53 Pikeman
49:10 Pikeman
51:31 Halberdier
54:01 Champion
80:57 Cavalier
85:31 Capped Ram
sertasmetal.com
7:11 Loom
11:07 Feudal Age
17:01 Horse Collar
22:05 Wheelbarrow
25:54 Castle Age
31:11 Fletching
31:23 Padded Archer Armor
35:48 Bloodlines
35:02 Capped Ram
36:04 Bodkin Arrow
37:20 Steppe Husbandry
44:23 Imperial Age
42:11 Forging
42:09 Scale Barding Armor
45:16 Iron Casting
45:03 Chain Barding Armor
46:19 Conscription
45:45 Pikeman
46:28 Squires
47:41 Elite Skirmisher
48:25 Gold Mining
53:39 Blast Furnace
53:16 Plate Barding Armor
53:12 Light Cavalry
54:15 Hussar
56:07 Cavalier
56:28 Cavalier
71:31 Heavy Plow
74:08 Ballistics
79:57 Chemistry
79:09 Caravan
79:41 Capped Ram
88:59 Onager
marshall_o18
0:51 Loom
13:09 Feudal Age
19:22 Castle Age
17:32 Double-Bit Axe
19:38 Scale Mail Armor
19:25 Man-at-Arms
20:12 Long Swordsman
25:02 Forging
37:09 Imperial Age
35:10 Horse Collar
39:15 Chemistry
38:38 Two-Handed Swordsman
41:20 Pikeman
47:59 Grand Trunk Road
50:48 Shatagni
51:16 Champion
54:23 Squires
54:09 Arson
67:42 Chain Mail Armor
68:02 Iron Casting
70:48 Onager
Kayan
0:54 Loom
16:54 Feudal Age
17:34 Double-Bit Axe
18:59 Man-at-Arms
20:01 Horse Collar
30:10 Castle Age
28:34 Stone Mining
29:00 Arson
29:22 Fletching
31:46 Bow Saw
32:42 Heavy Plow
35:04 Gold Mining
leonedu
1:19 Loom
13:17 Feudal Age
14:44 Double-Bit Axe
17:43 Castle Age
15:38 Gold Mining
18:24 Town Watch
19:52 Wheelbarrow
23:20 Hand Cart
25:00 Bow Saw
24:42 Stone Mining
25:39 Scale Barding Armor
27:30 Husbandry
27:42 Forging
28:39 Gold Shaft Mining
33:46 Imperial Age
32:42 Chain Barding Armor
33:44 Iron Casting
33:48 Fervor
33:59 Sanctity
34:31 Caravan
34:56 Masonry
34:58 Fortified Wall
34:38 Cavalier
36:23 Paladin
39:19 Plate Barding Armor
39:45 Blast Furnace
39:09 Conscription
42:20 Chivalry
43:43 Architecture
44:14 Chemistry
43:36 Ballistics
43:22 Murder Holes
43:53 Elite Throwing Axeman
45:11 Hoardings
45:18 Fletching
45:33 Scale Mail Armor
46:00 #83
46:21 Elite Skirmisher
53:11 Town Patrol
LV小吕
11:38 Wheelbarrow
14:15 Wheelbarrow
13:33 Double-Bit Axe
13:30 Horse Collar
16:33 Feudal Age
24:37 Gold Mining
30:42 Hand Cart
30:44 Bow Saw
32:26 Stone Mining
33:12 Gold Shaft Mining
38:40 Castle Age
Connection lost

Rejoining the realm…

Still unreachable

The connection could not be restored.

Session expired

The server has moved on; the page needs a fresh start.